 Dungeon Crawl Stone Soup version 0.28-a0-1002-gf00fe891ef (webtiles) character file.

Game seed: 5423927845825930347

203 miscthings the Charlatan (level 5, -2/26 HPs)
             Began as a Vine Stalker Artificer on Dec 6, 2021.
             Killed by divine providence
             ... invoked by an orc priest
              (13 damage)
             ... on level 3 of the Dungeon.
             The game lasted 00:03:53 (2617 turns).

miscthings the Charlatan (Vine Stalker Artificer)   Turns: 2617, Time: 00:03:54

Health: -2/26      AC:  3    Str: 16    XL:     5   Next: 81%
Magic:  0/6        EV: 11    Int: 11    God:
Gold:   90         SH:  0    Dex: 15    Spells: 4/4 levels left

rFire   . . .      SeeInvis .   f - +0 dagger
rCold   . . .      Faith    .   (no shield)
rNeg    . . .      Spirit   +   b - +0 leather armour
rPois   .          Reflect  .   (no helmet)
rElec   .          Harm     .   (no cloak)
rCorr   .          Rampage  .   (no gloves)
Will    .....                   (no boots)
Stlth   ++........              (no amulet)
HPRegen 0.88/turn               (no ring)
MPRegen 0.10/turn               (no ring)

@: no status effects
A: fangs 2, regeneration 1, magic shield, antimagic bite, no potion heal 2
a: no special abilities


You were on level 3 of the Dungeon.
You visited 1 branch of the dungeon, and saw 3 of its levels.

You collected 90 gold pieces.

Inventory:

Hand Weapons
 a - a +0 club
 f - a +0 dagger (weapon)
Armour
 b - a +0 leather armour (worn)
Magical Staves
 l - a staff of fire
Wands
 c - a wand of flame (3) (quivered)
 d - a wand of charming (8)
Scrolls
 g - a scroll of summoning {unknown}
 i - a scroll of enchant armour {unknown}
 k - a scroll of noise {unknown}
 o - a scroll of teleportation {unknown}
 p - a scroll of acquirement {unknown}
 q - a scroll of identify {unknown}
Potions
 h - 2 potions of curing
 j - a potion of invisibility {unknown}
 m - a potion of flight {unknown}
 n - a potion of mutation {unknown}
Miscellaneous
 e - a piece from Xom's chessboard (15/15)


   Skills:
 + Level 1.9 Fighting
 - Level 1.5 Armour
 - Level 0.7 Dodging
 - Level 1.2 Stealth
 + Level 5.4 Evocations


You had 4 spell levels left.
You didn't know any spells.
Your spell library contained the following spells:

 Spells                   Type           Power      Damage    Failure   Level
 Dazzling Flash           Conj/Hex       0%         N/A       78%         3
 Starburst                Conj/Fire      0%         6d3       100%        6
 Spellforged Servitor     Conj/Summ      0%         N/A       100%        7


Dungeon Overview and Level Annotations

Branches:
Dungeon (3/15)

Altars:


Innate Abilities, Weirdness & Mutations

You have extremely sharp teeth.
Your natural rate of healing is unusually fast.
When hurt, damage is shared between your health and your magic reserves.
Your bite disrupts and absorbs the magic of your enemies.
Potions cannot restore your health.


Message History

Aiming: Charm
Press: ? - help, Shift-Dir - straight line, f/p - orc priest
Aim: an orc priest, wielding a +0 whip of freezing (chance to affect: 62%)
The orc priest resists with significant effort.
The orc priest shouts!
The quokka barely misses you. The orc hits you with a +0 club.
An endoplasm comes into view.
The quokka bites you but does no damage.
Aiming: Charm
Press: ? - help, Shift-Dir - straight line, f/p - orc priest
Aim: an orc priest, wielding a +0 whip of freezing (chance to affect: 62%)
The orc priest resists with significant effort.
The orc hits you with a +0 club.
The orc priest hits you with a +0 whip of freezing.
The orc priest freezes you. The quokka closely misses you.
A kobold comes into view.
It is wielding a +2 short sword of venom.
Aiming: Charm
Press: ? - help, Shift-Dir - straight line, f/p - orc priest
Aim: an orc priest, wielding a +0 whip of freezing (chance to affect: 62%)
The orc priest resists with significant effort.
The orc hits you with a +0 club.
The orc priest invokes the aid of Beogh against you.
Beogh smites you! The quokka closely misses you.
The kobold hits you with a +0 club.
* * * LOW HITPOINT WARNING * * *
Aiming: Charm
Press: ? - help, Shift-Dir - straight line, f/p - orc priest
Aim: an orc priest, wielding a +0 whip of freezing (chance to affect: 62%)
The orc priest is charmed.
The orc closely misses your orc priest.
The quokka bites you but does no damage.
The kobold barely misses you.
The kobold hits your orc priest with a +0 club.
The quokka bites you. The quokka bites your orc priest. The orc misses you.
The orc hits your orc priest with a +0 club.
The kobold barely misses you.
The orc priest invokes the aid of Beogh against you.
Beogh smites you!
Ouch! That really hurt!
You die...

#############
####.##ooro@......#
......KJ.K#######.#
............#####.######
#....##.#.#............#
#...
#..#.#######.####.####
... ...##.#
###.........# .. ....
... .........##(# .
..... #.# ######..##.#
...## #.# #......#


You could see an orc priest, an orc, an endoplasm, a quokka, 2 kobolds and a
friendly orc priest (charmed).

Vanquished Creatures
  An ogre (D:2)
  An orc priest (D:3)
  5 adders (D:2)
  A worm (D:3)
  2 dart slugs
  3 orcs (D:3)
  3 ball pythons
  5 endoplasms
  2 giant cockroaches
  7 goblins
  2 hobgoblins (D:2)
  5 kobolds
  A quokka (D:2)
  2 bats (D:2)
  2 frilled lizards
  3 rats
45 creatures vanquished.

Vanquished Creatures (collateral kills)
  An adder (D:2)
  An orc (D:3)
  A goblin (D:3)
  A quokka (D:3)
  A kobold (D:3)
5 creatures vanquished.

Grand Total: 50 creatures vanquished

Notes
Turn   | Place    | Note
-------+----------+-------------------------------------------
     0 | D:1      | miscthings the Vine Stalker Artificer began the quest for
                  | the Orb.
     0 | D:1      | Reached XP level 1. HP: 9/9 MP: 2/2
    37 | D:1      | Reached skill level 3 in Evocations
    75 | D:1      | Got the Collected Works on Attacks
   300 | D:1      | Found a faded altar of an unknown god.
   354 | D:1      | Reached XP level 2. HP: 14/14 MP: 3/3
   462 | D:1      | Reached skill level 1 in Fighting
  1082 | D:2      | Reached XP level 3. HP: 4/18 MP: 4/4
  1718 | D:2      | Reached skill level 4 in Evocations
  1725 | D:2      | Noticed an ogre
  2044 | D:2      | Gained mutation: Your natural rate of healing is unusually
                  | fast. [Vine Stalker growth]
  2044 | D:2      | Reached XP level 4. HP: 22/22 MP: 5/5
  2135 | D:2      | Killed an ogre
  2136 | D:2      | Reached skill level 5 in Evocations
  2136 | D:2      | Reached XP level 5. HP: 25/25 MP: 6/6
  2617 | D:3      | Killed from afar by an orc priest

Illustrated notes

Levels and vault maps discovered:
D:1:      lightli_arrival_statue_moat, layout_loops_ring,
          nicolae_ecumenical_lake_church, serial_park_tiny_2, minmay_hexomino_f4
D:2:      layout_loops_ring, grunt_decor_arrowhead, minmay_vboxes
D:3:      layout_loops_ring

Skill      XL: |  1  2  3  4 |
---------------+-------------+-----
Evocations     | 3 4 5 |  5.4
Fighting       | 1 |  1.9
Armour         | |  1.5
Dodging        | |  0.7
Stealth        | |  1.2

Action                   |  1- 3 |  4- 6 || total
-------------------------+-------+-------++-------
Melee: Dagger            |    85 |    68 ||   153
       Bite              |    31 |    20 ||    51
       Club              |     4 |       ||     4
Evoke: Wand              |     7 |    12 ||    19
       Piece from Xom's  |       |     2 ||     2
  Use: Potion            |     1 |       ||     1
 Stab: Sleeping          |     1 |     1 ||     2
       Betrayed ally     |       |     2 ||     2
Armor: Leather armour    |    22 |    13 ||    35
Dodge: Dodged            |    38 |    34 ||    72

Table legend: (Time is in decaauts)
 A = Elapsed time spent in this place.
 B = Non-inter-level travel time spent in this place.
 C = Inter-level travel time spent in this place.
 D = Time resting spent in this place.
 E = Time spent auto-exploring this place.
 F = Levels seen in this place.
 G = Mean time per level.
                   A        B        C        D        E       F      G
               +--------+--------+--------+--------+--------+-----+--------+
         Total |   2620 |   2564 |     56 |    983 |   1144 |   3 |  873.3 |
       Dungeon |   2620 |   2564 |     56 |    983 |   1144 |   3 |  873.3 |
               +--------+--------+--------+--------+--------+-----+--------+

Top non-repeatable levels by time:
     D:2: 1402 daAuts
     D:1: 1080 daAuts
     D:3: 137 daAuts
